Map: Corrosion EC

Players

HoldTheDoor

  • Race: Protoss Protoss
  • League: Diamond
  • Spawn Location: 11:00

Aminumbra - Winner!

  • Race: Protoss Protoss
  • League: Diamond
  • Spawn Location: 5:00

VOD

Have the link to the VOD?

Description

Time

  • Played on: July 4, 2018, 9:52 a.m.
  • Length: 5:40
Show
View Real Time Build Order
Export as new Build Order

HoldTheDoor Protoss 

Build Orders: Oracle Opening 

Get SALT Encoding   

  12  0:01  Probe  
  13  0:13  Probe  
  14  0:18  Pylon  
  14  0:25  Probe  
  15  0:35  Probe  
  15  0:37  Gateway  
  16  0:44  Assimilator, Probe  
  17  0:52  Probe  
  17  0:53  Assimilator  
  18  1:03  Probe  
  19  1:12  Gateway  
  19  1:15  Probe  
  20  1:25  Cybernetics Core  
  20  1:28  Probe  
  21  1:36  Pylon  
  21  1:40  Probe  
  22  1:52  Probe  
  23  1:55  Warp Gate  
  23  2:02  Stalker x2  
  27  2:20  Probe  
  28  2:27  Stargate  
  28  2:32  Probe  
  28  2:34  Stalker  
  31  2:42  Pylon  
  31  3:00  Probe, Oracle  
  32  3:07  Pylon  
  35  3:27  Nexus  
  35  3:28  Oracle  
  38  3:42  Probe  
  39  3:51  Pylon  
  39  3:54  Probe  
  36  4:06  Probe  
  37  4:18  Probe  
  35  4:30  Probe  
  36  4:34  Shield Battery  
  36  4:38  Void Ray  
  33  4:39  Stalker x2  
  33  4:42  Probe  
  33  4:45  Pylon  
  42  4:56  Pylon  
  42  4:58  Forge  
  42  5:03  Stalker  
  44  5:10  Stalker  
  37  5:27  Stalker  
  32  5:33  Stalker  
Show
View Real Time Build Order
Export as new Build Order

Aminumbra Protoss - Winner!

Build Orders: Oracle Opening, Phoenix Opening 

Get SALT Encoding   

  12  0:01  Probe  
  13  0:13  Probe  
  14  0:18  Pylon  
  14  0:25  Probe  
  15  0:35  Probe  
  15  0:39  Gateway  
  16  0:43  Probe  
  16  0:49  Assimilator  
  17  0:51  Probe  
  18  0:57  Assimilator  
  18  1:03  Probe  
  19  1:18  Gateway  
  19  1:19  Probe  
  20  1:29  Cybernetics Core  
  20  1:31  Probe  
  21  1:37  Pylon  
  21  1:43  Probe  
  22  1:55  Probe  
  23  2:07  Warp Gate, Probe  
  24  2:10  Stargate  
  24  2:20  Stalker x2  
  27  2:26  Pylon  
  27  2:43  Oracle  
  27  2:52  Zealot x2  
  34  3:03  Gateway  
  34  3:09  Pylon  
  34  3:12  Phoenix  
  36  3:28  Stalker  
  36  3:32  Zealot  
  40  3:37  Pylon  
  40  3:44  Phoenix  
  42  4:01  Phoenix  
  44  4:12  Probe  
  38  4:21  Probe  
  35  4:27  Pylon  
  35  4:30  Probe  
  37  4:46  Stalker x2  
  37  4:49  Stalker  
  43  5:04  Probe  
  40  5:15  Stalker  
  40  5:16  Probe  
Tags
 
Add a new tag
Caveats
  • Supply blocks, unpowered buildings, or Contaminate may cause inaccurate times.
  • Supply counts are checked every 10 seconds.